 Dungeon Sprint DCSS version 0.24-a0-235-g3f03afcf10 (webtiles) character file.

Game seed: 2122996310746128021

8 Findor the Slasher (level 2, 0/19 HPs)
             Began as a Tengu Fighter on Apr 9, 2019.
             Slain by an iguana (8 damage)
             ... in the Dungeon (Sprint IX: "|||||||||||||||||||||||||||||").
             The game lasted 00:00:33 (164 turns).

Findor the Slasher (Tengu Fighter)                   Turns: 164, Time: 00:00:33

Health: 0/19       AC:  6    Str: 16    XL:     2   Next: 8%
Magic:  3/3        EV:  7    Int:  8    God:
Gold:   0          SH:  9    Dex: 13    Spells: 1/1 levels left

rFire    . . .     SeeInvis .   a - +0 long sword
rCold    . . .     Gourm    .   c - +0 shield
rNeg     . . .     Faith    .   b - +0 scale mail
rPois    .         Spirit   .   (helmet restricted)
rElec    .         Reflect  .   (no cloak)
rCorr    .         Harm     .   (no gloves)
MR       .....     NoTele   +   (boots unavailable)
Stlth    ..........             (no amulet)
HPRegen  0.06/turn              (no ring)
MPRegen  0.08/turn              (no ring)

@: hasted, very quick
A: beak, talons 3
a: no special abilities


You were in the Dungeon.
You were not hungry.

You visited 1 branch


Innate Abilities, Weirdness & Mutations

You have a beak for a mouth.
You have claws for feet.


   Skills:
 - Level 3.0 Fighting
 * Level 4.2 Long Blades
 - Level 3.2 Armour
 + Level 3.7 Shields


You had one spell level left.
You didn't know any spells.
Your spell library was empty.

Inventory:

Hand Weapons
 a - a +0 long sword (weapon)
Armour
 b - a +0 scale mail (worn)
 c - a +0 shield (worn)
Scrolls
 k - a scroll of blinking
Potions
 d - a potion of might
 e - a potion of curing {@q1}
 i - 2 potions of magic
 j - a potion of berserk rage
Comestibles
 f - a ration
 l - 2 chunks of flesh


Message History

l - 2 chunks of flesh
There is an open door to the Dungeon here.
Items here: ) ÷ †† a +1 dagger of venom; a kobold corpse; a goblin skeleton; a kobold corpse You feel sick.
You start resting.
You feel sick. x2
You are no longer poisoned.
You start resting.
You open the door.
An iguana, a scorpion, a sky beast, a phantom and a dart slug come into view.
The dart slug launches a dart at you. The slug dart misses you.
You block the dart slug's attack.
There is an open door here.
You hit the dart slug. You claw the dart slug.
You block the dart slug's attack.
You hit the dart slug.
You peck the dart slug, but do no damage.
You block the dart slug's attack.
You hit the dart slug but do no damage. You claw the dart slug.
You kill the dart slug!
Your Long Blades skill increases to level 4!
You have reached level 2!
The sky beast flickers out of sight!
Deactivating autopickup; reactivate with Ctrl-A.
The phantom blinks!
The iguana bites you but does no damage.
You closely miss the iguana. Your kick misses the iguana. The iguana bites you!
You barely miss the phantom. You block the iguana's attack.
The phantom blinks!
You feel yourself speed up. The iguana barely misses you.
Sorry, you're not good enough to have a special ability.
You feel much better. The iguana bites you.
You hit the iguana.
The phantom blinks!
The iguana bites you but does no damage.
You closely miss the iguana. You claw the iguana, but do no damage.
A sky beast appears from thin air!
Reactivating autopickup.
The iguana bites you but does no damage.
You closely miss the iguana.
The phantom blinks!
The iguana bites you!
Ouch! That really hurt!
* * * LOW HITPOINT WARNING * * *
Unknown command.
Unknown command.
You hit the iguana but do no damage. Your kick misses the iguana.
The sky beast flickers out of sight!
Deactivating autopickup; reactivate with Ctrl-A.
You hit the iguana. You claw the iguana. You peck the iguana, but do no damage.
The iguana bites you!
You die... ▓▓▓▓▓▓▓▓▓▓▓▓▓▓▓▓▓▓ ▓<...)§..W.@l{s..+ ▓▓▓▓▓▓▓▓▓▓▓▓▓▓▓▓▓▓

You could see a phantom, a scorpion and an iguana.

Vanquished Creatures
  A dart slug (D)
  A giant cockroach (D)
  A goblin (D)
  2 kobolds (D)
  A rat (D)
6 creatures vanquished.

Vanquished Creatures (others)
  A spatial maelstrom (D)
1 creature vanquished.

Grand Total: 7 creatures vanquished

Notes
Turn   | Place    | Note
-------+----------+-------------------------------------------
     0 | D        | Findor the Tengu Fighter began the quest for the Orb.
     0 | D        | Reached XP level 1. HP: 14/14 MP: 2/2
    10 | D        | Reached skill level 3 in Long Blades
    10 | D        | Banished a spatial maelstrom
   151 | D        | Noticed an iguana
   151 | D        | Noticed a phantom
   151 | D        | Noticed a sky beast
   151 | D        | Noticed a scorpion
   155 | D        | Reached skill level 4 in Long Blades
   155 | D        | Reached XP level 2. HP: 19/19 MP: 3/3
   164 | D        | Slain by an iguana

Levels and vault maps discovered:
D:        linesprint [early_d, line_temple, items_1, d_10, items_2, lair_1,
          lair_end, items_3, orc_1, orc_end, items_4, d_15, swamp_1, shoals_1,
          snake_1, spider_1, d_20, vaults_1, items_5, swamp_end, shoals_end,
          snake_end, spider_end, vaults_end, d_27, items_6, zot_1, zot_end,
          crypt_end, forest_end, elf_end, slime_end, tomb_end, abyss_end,
          pan_hell_end]

Action                   || total
-------------------------++-------
Melee: Long sword        ||    22
       Kick              ||     6
       Peck              ||     3
  Use: Potion            ||     2
Armor: Scale mail        ||     6
Dodge: Dodged            ||     5
Block: Shield            ||     9
